 Dungeon Crawl Stone Soup version 0.28.0-47-ge53b351184 (webtiles) character file.

Game seed: 13491178031815311882

481 101zpm the Ducker (level 6, -3/57 HPs)
             Began as a Troll Hedge Wizard on Apr 28, 2022.
             Slain by a black bear (7 damage)
             ... on level 5 of the Dungeon.
             The game lasted 00:11:52 (4458 turns).

101zpm the Ducker (Troll Hedge Wizard)              Turns: 4458, Time: 00:11:53

Health: -3/57      AC:  5    Str: 19    XL:     6   Next: 87%
Magic:  2/9        EV: 10    Int: 18    God:
Gold:   226        SH:  0    Dex:  9    Spells: 4/10 levels left

rFire   . . .      SeeInvis .   u - +0 hand axe (vamp)
rCold   . . .      Faith    .   (no shield)
rNeg    . . .      Spirit   .   b - +0 robe
rPois   .          Reflect  .   c - +0 hat
rElec   .          Harm     .   v - +0 cloak
rCorr   .          Rampage  .   (gloves unavailable)
Will    .....                   (boots unavailable)
Stlth   +.........              (no amulet)
HPRegen 0.99/turn               f - +6 ring of intelligence
MPRegen 0.11/turn               t - ring of wizardry

@: no status effects
A: large, unfitting armour, claws 3, regeneration 1, shaggy fur 1, tough skin 1
a: no special abilities


You were on level 5 of the Dungeon.
You visited 1 branch of the dungeon, and saw 7 of its levels.

You collected 226 gold pieces.

Inventory:

Hand Weapons
 a - a +0 dagger
 n - a +0 quick blade
 u - a +0 vampiric hand axe (weapon)
Armour
 b - a +0 robe (worn)
 c - a +0 hat (worn)
 v - a +0 cloak (worn)
Magical Staves
 w - a staff of air
Jewellery
 f - a +6 ring of intelligence (left claw)
 t - a ring of wizardry (right claw)
Scrolls
 d - 2 scrolls of noise {unknown}
 e - a scroll of amnesia {unknown}
 g - 2 scrolls of identify {unknown}
 i - a scroll of fear {unknown}
 r - a scroll of teleportation {unknown}
 x - a scroll of enchant weapon {unknown}
Potions
 h - 2 potions of curing {unknown}
 j - 2 potions of lignification {unknown}
 k - a potion of degeneration {unknown}
 l - a potion of ambrosia {unknown}
 m - 2 potions of flight {unknown}
 o - 2 potions of heal wounds {unknown}
 p - a potion of cancellation {unknown}
 q - a potion of brilliance {unknown}
 s - 2 potions of mutation {unknown}


   Skills:
 + Level 1.8 Fighting
 + Level 1.9 Short Blades
 + Level 1.9 Axes
 + Level 3.2 Dodging
 + Level 1.4 Stealth
 + Level 2.8 Spellcasting
 + Level 1.2 Conjurations
 + Level 1.1 Summonings
 + Level 0.6 Translocations


You had 4 spell levels left.
You knew the following spells:

 Your Spells              Type           Power      Damage    Failure   Level
a - Magic Dart            Conj           24%        1d4       4%          1
b - Slow                  Hex            8%         N/A       7%          1
c - Blink                 Tloc           8%         N/A       9%          2
d - Call Imp              Summ           6%         N/A       6%          2

Your spell library contained the following spells:

 Spells                   Type           Power      Damage    Failure   Level
 Pain                     Necr           8%         1d4       7%          1
 Conjure Flame            Conj/Fire      4%         6-21      16%         3
 Mephitic Cloud           Conj/Pois/Air  4%         N/A       16%         3
 Agony                    Necr           2%         N/A       86%         5
 Excruciating Wounds      Necr           1%         N/A       86%         5


Dungeon Overview and Level Annotations

Branches:
Dungeon (7/15)             Temple (0/1) D:5

Altars:
Hepliaklqana
Trog
Vehumet

Shops:
D:1 =


Innate Abilities, Weirdness & Mutations

You are too large for most types of armour.
You have claws for hands.
Your natural rate of healing is unusually fast.
You are covered in fur. (AC +1)
You have tough skin. (AC +1)


Message History

The black bear is severely wounded.
The black bear bites you but does no damage.
The black bear claws you. The black bear barely misses you.
The black bear bites you. The black bear claws you. The black bear misses you.
Casting: Magic Dart (safe; 4% risk of failure)
Confirm with . or Enter, or press ? or * to list all spells.
You don't have enough magic to cast this spell.
The black bear rages.
The black bear rages.
The black bear bites you! The black bear barely misses you.
The black bear claws you but does no damage.
You hit the black bear.
You feel better.
The black bear is almost dead.
The black bear bites you but does no damage.
The black bear closely misses you. The black bear claws you.
The black bear barely misses you. x2; The black bear claws you.
You barely miss the black bear.
The black bear is almost dead.
The black bear barely misses you. The black bear misses you.
The black bear claws you.
* * * LOW HITPOINT WARNING * * *
The black bear bites you.
* * * LOW HITPOINT WARNING * * *
The black bear barely misses you. The black bear claws you.
* * * LOW HITPOINT WARNING * * *
You barely miss the black bear.
The black bear is almost dead.
The black bear bites you but does no damage.
The black bear barely misses you. The black bear completely misses you.
The black bear closely misses you. The black bear claws you.
* * * LOW HITPOINT WARNING * * *
The black bear barely misses you. The black bear bites you!
* * * LOW HITPOINT WARNING * * *
The black bear barely misses you.
The black bear claws you but does no damage.
You hit the black bear.
The black bear is almost dead.
The black bear bites you!
You die...

#.....###.#......#§≈≈.§.≈≈.##.##
###.### #.#.######§§≈§..≈≈.#..#
#.# #.#.# #.§.≈§§.≈.#..# ##.#
#.#.## #.≈.....≈.##># #..#
###....# ###..≈≈≈≈≈..#..# #.##
#......# #..#########...# #.#
#.####.####.###.# ###.# #.#
##.##.....#h..#..# #.#
#.###...#.....@....#.# #.#
#...<..............#.# #.#
##..#)...#..........#.# #.#
#.c.#...##.....#...##.#######.#
#.#####....#####..............#
#...#...##............#######.#
###.#.#.#########.......#####.##
#...#.# ##>####......... ##c##.#
#.# ##########


You could see a black bear (berserk).

Vanquished Creatures
  A water moccasin zombie (D:5)
  A wyvern skeleton (D:7)
  A bullfrog zombie (D:5)
  A hound (D:6)
  A hound skeleton (D:4)
  2 gnolls
  5 adders
  A worm (D:3)
  2 dart slugs
  5 orcs
  3 endoplasms
  2 giant cockroaches (D:2)
  4 goblins
  10 hobgoblins
  5 jackals
  3 quokkas
  6 ball pythons
  4 bats
  5 frilled lizards
  5 kobolds
  5 rats
72 creatures vanquished.

Vanquished Creatures (collateral kills)
  A necrophage (D:6)
  A hound (D:6)
  A gnoll shaman (D:6)
  A gnoll (D:6)
4 creatures vanquished.

Grand Total: 76 creatures vanquished

Notes
Turn   | Place    | Note
-------+----------+-------------------------------------------
     0 | D:1      | 101zpm the Troll Hedge Wizard began the quest for the Orb.
     0 | D:1      | Reached XP level 1. HP: 16/16 MP: 2/2
    94 | D:1      | Found Postu's Jewellery Shop.
   200 | D:1      | Reached XP level 2. HP: 19/24 MP: 4/4
   246 | D:1      | Reached skill level 2 in Dodging
   341 | D:1      | Found a faded altar of an unknown god.
   924 | D:2      | Reached XP level 3. HP: 17/31 MP: 5/5
  1432 | D:3      | Identified the +1 ring mail of the Tick {rF++ rC+ Will-}
  1757 | D:2      | Reached skill level 1 in Short Blades
  1882 | D:2      | Reached XP level 4. HP: 40/40 MP: 6/6
  2639 | D:4      | Noticed an ogre
  2872 | D:3      | Learned a level 1 spell: Slow
  2875 | D:3      | Learned a level 2 spell: Blink
  2878 | D:3      | Learned a level 2 spell: Call Imp
  3213 | D:3      | Reached XP level 5. HP: 45/46 MP: 7/7
  3283 | D:5      | Entered Level 5 of the Dungeon
  3317 | D:6      | Found a radiant altar of Vehumet.
  3317 | D:6      | Found a bloodstained altar of Trog.
  3465 | D:5      | Reached skill level 1 in Fighting
  3526 | D:5      | Found a hazy altar of Hepliaklqana.
  3581 | D:5      | Reached skill level 1 in Axes
  3633 | D:5      | Noticed a centaur
  3702 | D:5      | Found a staircase to the Ecumenical Temple.
  3706 | D:5      | Noticed a black bear
  3812 | D:6      | Reached skill level 1 in Conjurations
  3812 | D:6      | Reached XP level 6. HP: 53/55 MP: 4/8
  3815 | D:6      | Reached skill level 3 in Dodging
  3835 | D:6      | Reached skill level 1 in Summonings
  4027 | D:6      | Noticed a two-headed ogre
  4458 | D:5      | Slain by a black bear

Illustrated notes

Levels and vault maps discovered:
D:1:      giann_horns, layout_loops_corners, serial_shops,
          nicolae_shop_advertising_works [nicolae_subvault_shop_adworks],
          shapermc_ecumenical_altar_mp_ritualfount, minmay_tromino_v7
D:2:      minmay_spotlight, layout_basic, patterned_corridor
D:3:      layout_basic
D:4:      layout_basic, st_stairs_14, chequers_serial_rivers_room_b,
          grunt_ministairs_4, minmay_misc_feat_diagonals, minmay_misc_feat_x,
          kennysheep_minor_cross, minmay_misc_feat_alley,
          kennysheep_cross_bottleneck, uniq_grinder, uniq_natasha
D:5:      layout_loops_ring, mainiacjoe_overflow_paths,
          minmay_temple_entry_large_hall
D:6:      layout_rooms, grunt_temple_overflow_open, lightli_church_of_beogh,
          uniq_sigmund
D:7:      layout_basic, serial_shops, shop, nicolae_shop_sticking_my_neck_out,
          uniq_crazy_yiuf_cottage

Skill      XL: |  1  2  3  4  5  6 |
---------------+-------------------+-----
Dodging        | 2 3 |  3.2
Short Blades   | 1 |  1.9
Fighting       | 1 |  1.8
Axes           | 1 |  1.9
Conjurations   | 1 |  1.2
Summonings     | 1 |  1.1
Stealth        | |  1.4
Spellcasting   | |  2.8
Translocations | |  0.6

Action                   |  1- 3 |  4- 6 || total
-------------------------+-------+-------++-------
Melee: Dagger            |   218 |       ||   218
       Quick blade       |     5 |   108 ||   113
       Hand axe          |       |   110 ||   110
       Punch             |       |     2 ||     2
 Cast: Magic Dart        |    10 |    38 ||    48
       Call Imp          |       |    13 ||    13
 Stab: Sleeping          |     3 |     3 ||     6
Armor: Robe              |    83 |    62 ||   145
Dodge: Dodged            |   105 |   127 ||   232
